 Dungeon Crawl Stone Soup version 0.20.1-1-g8b1a95d (webtiles) character file.

25 slep the Skirmisher (level 3, -12/34 HPs)
             Began as a Hill Orc Abyssal Knight on Oct 24, 2017.
             Was a Follower of Lugonu.
             Mangled by a gnoll
             ... wielding a +0 halberd
              (15 damage)
             ... on level 1 of the Dungeon.
             The game lasted 00:03:23 (430 turns).

slep the Skirmisher (Hill Orc Abyssal Knight)        Turns: 430, Time: 00:03:23

Health: -12/34     AC:  3    Str: 14    XL:     3   Next: 4%
Magic:  5/5        EV: 11    Int: 12    God:    Lugonu [*.....]
Gold:   43         SH:  0    Dex: 11    Spells: 2/2 levels left

rFire    + . .     SeeInvis .   a - +1 falchion
rCold    + . .     Gourm    .   (no shield)
rNeg     . . .     Faith    .   b - +0 leather armour
rPois    +         Spirit   .   (no helmet)
rElec    +         Reflect  .   (no cloak)
rCorr    +         Harm     .   (no gloves)
MR       +....     Clarity  +   (no boots)
Stlth    +.........             (no amulet)
Regen    0.2/turn               (no ring)
MPRegen  0.1/turn               (no ring)

@: resistant
A: talons 1, clarity, magic resistance 1
a: Depart the Abyss, Renounce Religion


You were on level 1 of the Dungeon.
You worshipped Lugonu.
Lugonu was aware of your devotion.
You were not hungry.

You visited 1 branch of the dungeon, and saw 1 of its levels.
You visited the Abyss 1 time.

You collected 43 gold pieces.

Inventory:

Hand Weapons
 a - a +1 falchion (weapon)
Armour
 b - a +0 leather armour (worn)
Scrolls
 e - a scroll of fear {unknown}
 f - a scroll of identify {unknown}
 g - a scroll of recharging {unknown}
 i - a scroll of amnesia {unknown}
 j - a scroll of fog {unknown}
Comestibles
 c - a bread ration


   Skills:
 + Level 4.5 Fighting
 + Level 2.3 Long Blades
 + Level 2.4 Armour
 + Level 0.7 Dodging
 + Level 2.7 Invocations


You had 2 spell levels left.
You didn't know any spells.

Dungeon Overview and Level Annotations

Branches:
Dungeon (1/15)

Altars:


Innate Abilities, Weirdness & Mutations

You have sharp toenails.
You possess an exceptional clarity of mind.
You are resistant to hostile enchantments. (MR+)


Message History

Items here: ( )) †† a club x2; 5 stones; a kobold corpse; a giant cockroach corpse
Things that are here:
a club; 17 arrows; a hobgoblin corpse
Items here: ( )) †† a club x2; 5 stones; a kobold corpse; a giant cockroach corpse A gnoll comes into view.
It is wielding a halberd.
The gnoll shouts!
It was a potion of resistance.
You feel protected.
It was a potion of magic.
Magic courses through your body.
It was a potion of mutation.
You feel extremely strange.
You feel resistant to hostile enchantments.
Your toenails lengthen and sharpen.
Your thoughts seem clearer.
The gnoll hits you with a halberd!
* * * LOW HITPOINT WARNING * * *
You hit the gnoll. You claw the gnoll, but do no damage.
The gnoll is lightly wounded.
The gnoll hits you with a halberd!
You die...

#.# #########
#.# ###
#.......# #.#
.<# #.......#
#.# ###
#.......#####.#
..#
#.......))...(#
#.#
#.......#######
..#
#.......####
###
#........@.#
##########g#
#.# #.# #.# #.#
#.# #.# #.#


You could see a gnoll.

Vanquished Creatures
  An ooze (D:1)
  A dart slug (D:1)
  2 giant cockroaches (D:1)
  A goblin (D:1)
  3 hobgoblins (D:1)
  2 jackals (D:1)
  3 frilled lizards (D:1)
  2 kobolds (D:1)
  4 rats (D:1)
19 creatures vanquished.

Notes
Turn   | Place    | Note
-------+----------+-------------------------------------------
     0 | Abyss:1  | slep the Hill Orc Abyssal Knight began the quest for the Orb.
     0 | Abyss:1  | Reached XP level 1. HP: 19/19 MP: 2/2
    17 | Abyss:1  | Found a corrupted altar of Lugonu.
    60 | Abyss:1  | Noticed a balrug
    63 | D:1      | Escaped the Abyss
   172 | D:1      | Reached * piety under Lugonu
   187 | D:1      | Reached skill level 4 in Fighting
   188 | D:1      | Reached XP level 2. HP: 22/27 MP: 3/3
   392 | D:1      | Reached XP level 3. HP: 14/34 MP: 5/5
   428 | D:1      | Gained mutation: You are resistant to hostile enchantments. (MR+) [potion of mutation]
   428 | D:1      | Gained mutation: You have sharp toenails. [potion of mutation]
   428 | D:1      | Gained mutation: You possess an exceptional clarity of mind. [potion of mutation]
   430 | D:1      | Mangled by a gnoll

Skill      XL: |  1 |
---------------+----+-----
Fighting       | 4 |  4.5
Long Blades    | |  2.3
Armour         | |  2.4
Dodging        | |  0.7
Invocations    | |  2.7

Action                   || total
-------------------------++-------
Melee: Falchion          ||    66
       Kick              ||     1
Invok: Depart the Abyss  ||     1
  Use: Potion            ||     3
Armor: Leather armour    ||    13
Dodge: Dodged            ||    30
       Rpst.: Falchion   ||     9
